 Dungeon Crawl Stone Soup version 0.24.0-123-gd5b16e6ec5 (webtiles) character file.

Game seed: 15123944435648943210, levelgen mode: deterministic

9812 Descartes the Brawler (level 11, -18/94 HPs)
             Began as a Troll Monk on Feb 7, 2020.
             Demolished by a two-headed ogre
             ... wielding a +0 giant spiked club
              (20 damage)
             ... on level 8 of the Dungeon.
             The game lasted 00:16:39 (7300 turns).

Descartes the Brawler (Troll Monk)                  Turns: 7300, Time: 00:16:39

Health: -18/94     AC:  8    Str: 22    XL:     11   Next: 28%
Magic:  10/10      EV: 13    Int:  6    God:
Gold:   242        SH:  3    Dex: 14    Spells: 10/10 levels left

rFire    . . .     SeeInvis +     - Unarmed
rCold    . . .     Gourm    +   (no shield)
rNeg     + . .     Faith    .   f - +0 robe (curse)
rPois    .         Spirit   .   I - +1 hat {SInv}
rElec    .         Reflect  +   g - +0 cloak
rCorr    .         Harm     .   (gloves unavailable)
MR       .....                  (boots unavailable)
Stlth    ++........             h - +3 amulet of reflection
HPRegen  0.65/turn              K - ring of positive energy
MPRegen  0.12/turn              G - ring of wizardry

@: no status effects
A: large, unfitting armour, claws 3, fast metabolism 3, gourmand, regeneration
1, shaggy fur 1, tough skin 3
a: no special abilities


You were on level 8 of the Dungeon.
You were completely stuffed.

You visited 1 branch of the dungeon, and saw 9 of its levels.

You collected 440 gold pieces.
You spent 198 gold pieces at shops.

Inventory:

Hand Weapons
 r - the +4 great mace "Ruet" {crush, rElec rF- Int-3 Stlth+}
   (You took it off an ogre on level 3 of the Dungeon)

   It inflicts extra damage upon your enemies.
   It affects your intelligence (-3).
   It makes you vulnerable to fire.
   It insulates you from electricity.
   It makes you more stealthy.
Missiles
 B - 5 throwing nets (quivered)
 C - 163 arrows
 D - 12 boomerangs
 H - 10 poisoned darts
Armour
 a - a +0 robe
 f - a cursed +0 robe (worn)
 g - a +0 cloak (worn)
 I - a +1 hat of see invisible (worn)
Jewellery
 h - a +3 amulet of reflection (around neck)
 x - an uncursed amulet of the acrobat
 G - a ring of wizardry (right claw)
 K - a ring of positive energy (left claw)
Wands
 c - a wand of disintegration (11)
 u - a wand of paralysis (6)
Scrolls
 e - 6 scrolls of remove curse
 i - 2 scrolls of amnesia {unknown}
 j - a scroll of noise {unknown}
 l - a scroll of fear {unknown}
 m - 5 scrolls of teleportation
 p - 3 scrolls of enchant armour {unknown}
 s - 3 scrolls of magic mapping
 w - 6 scrolls of identify
 y - a scroll of blinking {unknown}
 z - 2 scrolls of fog
 A - a scroll of enchant weapon {unknown}
Potions
 d - 6 potions of curing
 k - 3 potions of brilliance
 n - 4 potions of magic
 o - 4 potions of berserk rage
 q - 2 potions of lignification
 t - a potion of invisibility {unknown}
 v - 3 potions of degeneration {unknown}
 E - a potion of flight {unknown}
 F - a potion of cancellation {unknown}
 J - a potion of ambrosia {unknown}
Comestibles
 b - 20 rations
 L - a chunk of flesh


   Skills:
 - Level 2.4 Fighting
 + Level 6.2 Dodging
 - Level 1.0 Stealth
 + Level 15.7 Unarmed Combat


You had 10 spell levels left.
You didn't know any spells.
Your spell library contained the following spells:

 Spells                   Type           Power        Failure   Level  Hunger
 Confusing Touch          Hex            #.....       21%         1    ##.....
 Confuse                  Hex            #.......     50%         3    ####...
 Gell's Gravitas          Tloc           #.........   50%         3    ####...
 Petrify                  Tmut/Erth      #.......     86%         4    #####..
 Metabolic Englaciation   Hex/Ice        #.........   99%         5    ######.
 Yara's Violent Unravell  Hex/Tmut       #.........   99%         5    ######.


Dungeon Overview and Level Annotations

Branches:
Dungeon (9/15)             Temple (0/1) D:6             Orc (0/2) D:9
   Lair: D:8-11

Altars:
Dithmenos
Elyvilon
Gozag
Kikubaaqudgha
Nemelex Xobeh
Okawaru
Qazlal
Trog
Uskayaw
Zin
The Shining One

Shops:
D:4 :!*?   D:6 *

Annotations:
D:6 2 transporters, DungeonDestroyer's ghost, novice GnFi
D:9 1 runed translucent door, Thargor's ghost, novice GnWn


Innate Abilities, Weirdness & Mutations

You are too large for most types of armour.
You have claws for hands.
Your metabolism is lightning-fast.
You like to eat raw meat.
Your natural rate of healing is unusually fast.
You are covered in fur. (AC +1)
You have extremely tough skin. (AC +3)


Message History

There is a stone staircase leading up here.
The two-headed ogre misses you.
The two-headed ogre hits you with a +0 giant club!
Sorry, you're not good enough to have a special ability.
You climb upwards.
There is a stone staircase leading down here.
You see here a +0 dagger.
You claw the two-headed ogre!
The two-headed ogre is moderately wounded.
The two-headed ogre hits you with a +0 giant spiked club!
The two-headed ogre hits you with a +0 giant club!!
* * * LOW HITPOINT WARNING * * *
You barely miss the two-headed ogre. You claw the two-headed ogre!
The two-headed ogre is heavily wounded.
You mangle the two-headed ogre!!
The two-headed ogre is severely wounded.
The two-headed ogre hits you with a +0 giant spiked club!!
* * * LOW HITPOINT WARNING * * *
The two-headed ogre hits you with a +0 giant club!!
You die...

#)...#....#....#.......).
###†###..###..###.###..##
##÷)###(####..###.###..##
#....#.........'....+....
#....#.........#....#....
#....#..(##..##########.#
##..###..##..# #####.#
######.[##..# #...#>. #..O@[...#
#...#.. #........# #...#..
#####+####..# #'###..
##..##...##..######..##.. ###
#....'................#.. ###.#
#....#................#..
#...#####.)####'##...........#..
#...#..##..###..##...........#..
#.......#....#...#...........'..


You could see a two-headed ogre.

Vanquished Creatures
  Gastronok (D:8)
  Harold (D:8)
  2 two-headed ogres
  Pikel (D:8)
  Maurice (D:8)
  A troll (D:9)
  A hornet (D:8)
  A hippogriff (D:9)
  Sigmund (D:2)
  A spriggan (D:9)
  Grum (D:8)
  The ghost of nodrog the Insei, an amateur MfTm (D:3)
  2 wargs (D:9)
  A water moccasin (D:8)
  Duvessa (D:4)
  An orc warrior (D:8)
  A black bear (D:6)
  2 sky beasts
  2 slaves (D:8)
  6 ogres
  A phantom (D:7)
  3 centaurs
  An ice beast (D:9)
  3 wolves (D:8)
  2 big kobolds
  5 bullfrogs
  Dowan (D:4)
  2 scorpions
  3 killer bees (D:7)
  8 wights (D:6)
  A howler monkey (D:4)
  4 hounds
  A jelly (D:6)
  2 bullfrog skeletons
  7 orc priests
  2 centaur skeletons
  3 iguanas
  3 orc wizards
  11 worker ants
  2 hound zombies
  A worker ant zombie (D:9)
  6 gnolls
  12 adders
  3 shadow imps (D:6)
  2 oozes (D:2)
  2 adder skeletons
  A worm (D:2)
  A leopard gecko (D:4)
  25 orcs
  10 bats
  4 bat skeletons (D:2)
  2 bat zombies (D:2)
  2 giant cockroaches (D:2)
  6 goblins
  11 hobgoblins
  3 jackals (D:5)
  2 quokkas
  5 ball pythons
  3 frilled lizards
  A giant cockroach zombie (D:6)
  15 kobolds
  A quokka skeleton (D:4)
  8 rats
220 creatures vanquished.

Vanquished Creatures (others)
  A fungus (D:9)
  8 plants (D:9)
9 creatures vanquished.

Grand Total: 229 creatures vanquished

Notes
Turn   | Place    | Note
-------+----------+-------------------------------------------
     0 | D:1      | Descartes the Troll Monk began the quest for the Orb.
     0 | D:1      | Reached XP level 1. HP: 22/22 MP: 0/0
   205 | D:1      | Reached XP level 2. HP: 29/29 MP: 1/1
   512 | D:2      | Reached skill level 4 in Unarmed Combat
   526 | D:2      | Noticed Sigmund
   530 | D:2      | Reached XP level 3. HP: 36/36 MP: 2/2
   548 | D:2      | Killed Sigmund
   548 | D:2      | Reached skill level 6 in Unarmed Combat
   548 | D:2      | Reached XP level 4. HP: 36/44 MP: 3/3
   548 | D:2      | Reached XP level 5. HP: 41/50 MP: 4/4
  1236 | D:2      | Reached XP level 6. HP: 59/59 MP: 5/5
  1249 | D:2      | Found an ancient bone altar of Kikubaaqudgha.
  1361 | D:2      | Reached skill level 7 in Unarmed Combat
  1526 | D:3      | Found an iron altar of Okawaru.
  1568 | D:3      | Found a transporter.
  1569 | D:3      | Found a transporter.
  1569 | D:3      | Noticed nodrog's ghost (amateur MfTm)
  1570 | D:3      | Identified the +4 great mace "Ruet" {crush, rElec rF- Int-3
                  | Stlth+}
  1597 | D:3      | Reached skill level 8 in Unarmed Combat
  1597 | D:3      | Reached XP level 7. HP: 32/66 MP: 6/6
  1653 | D:3      | Killed nodrog's ghost
  1777 | D:3      | Reached skill level 9 in Unarmed Combat
  2063 | D:4      | Found Suhugom's Magic Scroll Boutique.
  2063 | D:4      | Noticed Duvessa
  2063 | D:4      | Noticed Dowan
  2076 | D:4      | Killed Duvessa
  2101 | D:4      | Killed Dowan
  2104 | D:4      | Bought a scroll of remove curse for 42 gold pieces
  2104 | D:4      | Bought a scroll of magic mapping for 49 gold pieces
  2104 | D:4      | Bought a scroll of identify for 28 gold pieces
  2104 | D:4      | Bought a scroll of random uselessness for 14 gold pieces
  2220 | D:4      | Found Siufeda's General Store.
  2222 | D:4      | Reached XP level 8. HP: 74/74 MP: 7/7
  2249 | D:4      | Reached skill level 10 in Unarmed Combat
  2569 | D:4      | Found Ikowoigg's Distillery.
  2583 | D:4      | Found a sparkling altar of Nemelex Xobeh.
  2621 | D:4      | Found Xaovomic's Book Shoppe.
  2842 | D:5      | Entered Level 5 of the Dungeon
  2855 | D:5      | Reached skill level 11 in Unarmed Combat
  2915 | D:5      | Found a hide-covered altar of Uskayaw.
  2964 | D:5      | Found a stormy altar of Qazlal.
  3210 | D:5      | Found a shadowy altar of Dithmenos.
  3543 | D:6      | Found a white marble altar of Elyvilon.
  3543 | D:6      | Found a glowing golden altar of the Shining One.
  3543 | D:6      | Found a glowing silver altar of Zin.
  3547 | D:6      | Reached XP level 9. HP: 73/80 MP: 8/8
  3603 | D:6      | Reached skill level 12 in Unarmed Combat
  3726 | D:6      | Found a staircase to the Ecumenical Temple.
  3769 | D:6      | Found a transporter.
  3773 | D:6      | Found a transporter.
  3802 | D:6      | Noticed a queen bee
  3906 | D:6      | Found Buiviups's General Store.
  3909 | D:6      | Bought a scroll of teleportation for 39 gold pieces
  3909 | D:6      | Bought a scroll of fog for 26 gold pieces
  4040 | D:6      | Noticed DungeonDestroyer's ghost (novice GnFi)
  4222 | D:6      | Found a bloodstained altar of Trog.
  4436 | D:7      | Reached skill level 13 in Unarmed Combat
  4744 | D:7      | Found an opulent altar of Gozag.
  5373 | D:8      | Noticed Maurice
  5388 | D:8      | Killed Maurice
  5435 | D:8      | Noticed Harold
  5454 | D:8      | Killed Harold
  5454 | D:8      | Reached skill level 14 in Unarmed Combat
  5454 | D:8      | Reached XP level 10. HP: 10/88 MP: 9/9
  5630 | D:8      | Noticed Grum
  5641 | D:8      | Killed Grum
  5895 | D:8      | Noticed a two-headed ogre
  5904 | D:8      | Killed a two-headed ogre
  6175 | D:8      | Noticed Gastronok
  6189 | D:8      | Killed Gastronok
  6189 | D:8      | Reached skill level 5 in Dodging
  6189 | D:8      | Reached skill level 15 in Unarmed Combat
  6311 | D:8      | Noticed Pikel
  6344 | D:8      | Killed Pikel
  6344 | D:8      | Reached XP level 11. HP: 42/94 MP: 10/10
  6664 | D:9      | Noticed a two-headed ogre
  6672 | D:9      | Killed a two-headed ogre
  6873 | D:9      | Found a staircase to the Orcish Mines.
  7148 | D:9      | Found a runed translucent door.
  7150 | D:9      | Noticed Thargor's ghost (novice GnWn)
  7152 | D:9      | Identified the +8 spear of Righteous Fury {pierce, rPois}
  7244 | D:9      | Noticed a two-headed ogre
  7300 | D:8      | HP: 2/94 [two-headed ogre/+0 giant spiked club (24)]
  7300 | D:8      | Demolished by a two-headed ogre

Levels and vault maps discovered:
D:1:      lightli_arrival_lavapool, layout_rooms
D:2:      layout_basic, kennysheep_vampire_church, serial_bayou_pond_a,
          minmay_snake_closets, uniq_sigmund
D:3:      layout_rooms, gammafunk_ghost_smash, minmay_misc_feat_pillars,
          kennysheep_small_spiral, okawaru_altar_gauntlet_db
D:4:      kb_forest_paths, layout_rooms, nicolae_overflow_crystal_walls,
          first_ration, serial_shops, shop, shop_fountains, shop_fountains,
          shop, uniq_duvessa
D:5:      layout_basic, eat_drink_and_be_merry_uskayaw,
          nicolae_qazlal_general_emergency, serial_rivers,
          chequers_serial_rivers_large_a, chequers_serial_rivers_micro_a,
          chequers_serial_rivers_small_b, chequers_serial_rivers_marsh,
          basic_altar
D:6:      layout_basic, good_gods_mini_temple, lemuel_round_altar,
          minmay_temple_entry_sparse_star, gammafunk_ghost_hive, serial_shops,
          kennysheep_mini
D:7:      layout_loops_corners, grunt_gozag_breadcrumbs
D:8:      layout_gridville, uniq_pikel, uniq_maurice, uniq_gastronok, uniq_grum,
          uniq_harold
D:9:      layout_stronghold, overflow_temple_1_default,
          minmay_orc_entry_guard_dogs, ebering_ghost_funeral_grove, the_bakery

Skill      XL: |  1  2  3  4  5  6  7  8  9 10 11 |
---------------+----------------------------------+-----
Unarmed Combat | 4 6 8 9 11 14 15 | 15.7
Dodging        | 5 6 |  6.2
Fighting       | |  2.4
Stealth        | |  1.0

Action                   |  1- 3 |  4- 6 |  7- 9 | 10-12 || total
-------------------------+-------+-------+-------+-------++-------
Melee: Unarmed           |    67 |   115 |   301 |   128 ||   611
       Punch             |     1 |     2 |    14 |    18 ||    35
       Great mace        |       |       |    25 |       ||    25
  Use: Scroll            |       |       |     5 |       ||     5
 Stab: Sleeping          |     2 |     8 |     4 |     2 ||    16
       Distracted        |       |     1 |       |       ||     1
  Eat: Chunk             |    10 |    10 |    29 |    23 ||    72
Armor: Robe              |    28 |    45 |    84 |    20 ||   177
Dodge: Dodged            |    37 |    69 |   123 |    65 ||   294
Block: Other             |       |       |       |     4 ||     4
       Reflection        |       |       |       |     1 ||     1
